 Dungeon Crawl Stone Soup version 0.24.0-13-gcf9b319 (webtiles) character file.

Game seed: 6670762065221566914, levelgen mode: deterministic

23522 kingkrab24 the Severer (level 12, -8/112 HPs)
             Began as a Minotaur Berserker on May 27, 2020.
             Was a Priest of Trog.
             Mangled by a water elemental (14 damage)
             ... on level 1 of the Shoals.
             The game lasted 00:24:25 (10379 turns).

kingkrab24 the Severer (Minotaur Berserker)        Turns: 10379, Time: 00:24:25

Health: -8/112     AC: 18    Str: 27    XL:     12   Next: 72%
Magic:  11/11      EV:  9    Int:  4    God:    Trog [***...]
Gold:   626        SH:  0    Dex: 10    Spells: 11/11 levels left

rFire    + + +     SeeInvis .   y - +2 battleaxe (freeze)
rCold    + + .     Gourm    .   (shield currently unavailable)
rNeg     . . .     Faith    .   o - +0 plate armour
rPois    +         Spirit   .   (helmet restricted)
rElec    +         Reflect  .   K - scarf {rC+ rF+}
rCorr    +         Harm     .   (no gloves)
MR       ++...                  (no boots)
Stlth    ..........             (no amulet)
HPRegen  1.28/turn              D - ring of protection from fire (curse)
MPRegen  0.12/turn              q - +3 ring of protection

@: resistant, barbed spikes, regenerating
A: retaliatory headbutt, horns 2
a: Berserk, Trog's Hand, Renounce Religion


You were on level 1 of the Shoals.
You worshipped Trog.
Trog was most pleased with you.
You were hungry.

You visited 3 branches of the dungeon, and saw 13 of its levels.

You collected 626 gold pieces.

Inventory:

Hand Weapons
 t - a +2 hand axe of chopping
 y - a +2 battleaxe of freezing (weapon)
Missiles
 A - 3 curare-tipped darts (quivered)
Armour
 o - a +0 plate armour (worn)
 p - a +1 cloak of magic resistance
 K - a scarf of resistance (worn)
Jewellery
 n - an uncursed ring of positive energy
 q - a +3 ring of protection (right hand)
 D - a cursed ring of protection from fire (left hand)
 J - an uncursed ring of ice
 L - an uncursed amulet of rage {unknown}
Wands
 a - a wand of disintegration (14)
 s - a wand of flame (17)
 u - a wand of acid (14)
 w - a wand of clouds (6)
 F - a wand of iceblast (10)
 I - a wand of scattershot (1)
Scrolls
 e - 2 scrolls of identify
 f - 3 scrolls of teleportation
 h - 5 scrolls of remove curse
 r - a scroll of random uselessness {unknown}
 v - a scroll of enchant armour {unknown}
 x - 3 scrolls of immolation {unknown}
 B - 2 scrolls of noise
 C - 2 scrolls of fear {unknown}
 G - a scroll of summoning {unknown}
 H - 2 scrolls of vulnerability {unknown}
 N - a scroll of magic mapping {unknown}
Potions
 b - 2 potions of lignification {unknown}
 d - 2 potions of brilliance {unknown}
 i - a potion of curing {unknown}
 j - a potion of flight {unknown}
 k - a potion of invisibility {unknown}
 l - 2 potions of cancellation
 m - 4 potions of degeneration {unknown}
 z - a potion of mutation {unknown}
 E - 2 potions of agility {unknown}
 O - a potion of haste {unknown}
 P - a potion of might {unknown}
Comestibles
 c - 26 rations
 M - 5 chunks of flesh


   Skills:
 + Level 12.1 Fighting
 + Level 17.9 Axes
 + Level 12.4 Armour
 + Level 3.3 Dodging
 + Level 1.6 Stealth
 + Level 0.2 Evocations


You had 11 spell levels left.
You didn't know any spells.
Your spell library was empty.

Dungeon Overview and Level Annotations

Branches:
Dungeon (8/15)             Temple (0/1) D:6            Lair (4/6) D:8
 Shoals (1/4) Lair:4       Spider (0/4) Lair:2

Altars:
Kikubaaqudgha
Okawaru


Innate Abilities, Weirdness & Mutations

You reflexively headbutt those who attack you in melee.
You have a pair of horns on your head.


Message History

A water elemental comes into view.
A manticore comes into view.
The manticore flicks its tail.
The volley of spikes hits you!
The barbed spikes become lodged in your body.
* * * LOW HITPOINT WARNING * * *
You feel protected.
Okay, then.
Okay, then.
Okay, then.
Your skin crawls.
You feel resistant to hostile enchantments.
You are feeling hungry.
You can no longer call in reinforcements.
The manticore barely misses you. You furiously retaliate!
You headbutt the manticore.
The manticore claws you but does no damage.
The manticore claws you.
* * * LOW HITPOINT WARNING * * *
The water elemental hits you!
You die...

≈≈≈≈ ≈ ≈≈≈ P≈
..≈ ≈≈≈ .. ≈≈≈.
.# ≈≈≈..###.#
≈≈≈≈≈....##
≈≈≈≈..E@..#
≈≈≈≈.m.H..#
≈≈≈..≈≈......
≈≈....≈......#
≈≈.#.....P...P.
≈≈ ####.P.≈P≈≈≈
. #.PP≈≈P≈≈
#..≈≈≈P≈≈


You could see a merfolk, a manticore and a water elemental.

Vanquished Creatures
  Fannar (Lair:2)
  A hydra (Lair:3)
  A merfolk avatar (Shoals:1)
  The ghost of lake5 the Geomancer, a novice GrEE of Vehumet (D:7)
  The ghost of lake5 the Geomancer, a novice GrEE of Vehumet (Lair:1)
  The ghost of SilverX5502 the Basher, a novice MiBe of Trog (D:6)
  3 fauns (Shoals:1)
  4 elephants (Lair:3)
  2 merfolk sirens
  A black mamba (Lair:4)
  7 spiny frogs
  A rime drake (Lair:4)
  2 komodo dragons
  A troll (D:8)
  2 merfolk (Shoals:1)
  9 blink frogs
  3 hippogriffs
  3 wyverns
  22 yaks
  2 hogs (D:8)
  A basilisk (Lair:2)
  A human (D:8)
  A steam dragon (D:5)
  5 porcupines
  4 water moccasins
  3 ice beasts
  A sky beast (D:7)
  An orc warrior (D:8)
  An ogre (D:7)
  24 wolves
  A phantom (D:4)
  2 centaurs
  A crocodile (Lair:1)
  A big kobold (D:8)
  5 bullfrogs
  10 killer bees
  2 scorpions
  12 wights
  A howler monkey (D:5)
  4 electric eels (D:8)
  2 bullfrog zombies (D:8)
  3 crimson imps
  3 hounds (D:8)
  Crazy Yiuf (D:2)
  A bullfrog skeleton (D:5)
  3 orc priests
  3 jellies (D:5)
  2 iguanas (D:6)
  3 orc wizards
  5 worker ants
  A hound zombie (D:7)
  3 worker ant zombies
  2 howler monkey skeletons (D:8)
  9 adders
  7 gnolls
  3 shadow imps
  3 oozes
  An adder zombie (D:5)
  4 worms
  4 dart slugs
  6 leopard geckos
  23 orcs
  2 ball pythons (D:3)
  9 giant cockroaches
  5 hobgoblins
  9 jackals
  6 quokkas
  5 bats
  4 frilled lizards
  8 goblins
  11 kobolds
  2 quokka skeletons
  4 rats
  A fungus (Lair:4)
  A plant (Lair:4)
308 creatures vanquished.

Vanquished Creatures (others)
  A hound (D:8)
  A leopard gecko (D:8)
  3 fungi
  A plant (Lair:4)
6 creatures vanquished.

Grand Total: 314 creatures vanquished

Notes
Turn   | Place    | Note
-------+----------+-------------------------------------------
     0 | D:1      | kingkrab24 the Minotaur Berserker began the quest for the
                  | Orb.
     0 | D:1      | Reached XP level 1. HP: 19/19 MP: 0/0
   412 | D:1      | Reached XP level 2. HP: 25/27 MP: 1/1
   761 | D:2      | Reached skill level 4 in Axes
   902 | D:2      | Reached XP level 3. HP: 23/33 MP: 2/2
   983 | D:2      | Reached ** piety under Trog
  1592 | D:2      | Reached XP level 4. HP: 24/41 MP: 3/3
  1687 | D:2      | Found a runed translucent door.
  1688 | D:2      | Noticed Crazy Yiuf
  1699 | D:2      | Killed Crazy Yiuf
  1699 | D:2      | Reached skill level 5 in Axes
  2103 | D:3      | Reached XP level 5. HP: 47/47 MP: 4/4
  2148 | D:3      | You fall into a shaft and drop 3 floors!
  2180 | D:6      | Reached skill level 5 in Fighting
  2181 | D:6      | Reached skill level 6 in Axes
  2200 | D:6      | Reached XP level 6. HP: 54/56 MP: 5/5
  2233 | D:5      | Entered Level 5 of the Dungeon
  2595 | D:5      | Reached *** piety under Trog
  2606 | D:5      | Reached skill level 7 in Axes
  2649 | D:5      | Reached XP level 7. HP: 62/62 MP: 6/6
  2778 | D:5      | Noticed a steam dragon
  2791 | D:5      | Killed a steam dragon
  2791 | D:5      | Reached skill level 5 in Armour
  2856 | D:5      | Reached skill level 8 in Axes
  3781 | D:3      | Found a faded altar of an unknown god.
  4148 | D:6      | Reached XP level 8. HP: 71/71 MP: 7/7
  4179 | D:6      | Noticed SilverX5502's ghost (novice MiBe)
  4192 | D:6      | Found a runed translucent door.
  4202 | D:6      | Reached skill level 9 in Axes
  4205 | D:6      | Reached **** piety under Trog
  4293 | D:6      | Killed SilverX5502's ghost
  4293 | D:6      | Reached skill level 10 in Axes
  4396 | D:6      | Found a staircase to the Ecumenical Temple.
  4468 | D:6      | Found an iron altar of Okawaru.
  4775 | D:7      | Reached XP level 9. HP: 79/79 MP: 8/8
  4877 | D:7      | Reached skill level 11 in Axes
  5354 | D:7      | Found a large runed translucent door.
  5354 | D:7      | Found a large runed translucent door.
  5354 | D:7      | Noticed lake5's ghost (novice GrEE)
  5438 | D:7      | Killed lake5's ghost
  5438 | D:7      | Reached skill level 12 in Axes
  5528 | D:8      | Found a staircase to the Lair.
  5595 | D:8      | Found an ancient bone altar of Kikubaaqudgha.
  5595 | D:8      | Noticed an orange demon
  5596 | D:8      | Noticed a hell beast
  6048 | D:8      | Reached XP level 10. HP: 83/89 MP: 9/9
  6055 | D:8      | Reached skill level 13 in Axes
  6056 | D:8      | Reached skill level 1 in Stealth
  6751 | Lair:1   | Entered Level 1 of the Lair of Beasts
  6848 | Lair:1   | Reached skill level 14 in Axes
  6875 | Lair:1   | Noticed a spiny frog
  6883 | Lair:1   | Killed a spiny frog
  6887 | Lair:1   | Reached XP level 11. HP: 99/99 MP: 10/10
  6896 | Lair:1   | Reached skill level 10 in Fighting
  6896 | Lair:1   | Reached skill level 10 in Armour
  6898 | Lair:1   | Reached ***** piety under Trog
  6938 | Lair:1   | Reached skill level 15 in Axes
  7089 | Lair:1   | Found a runed translucent door.
  7094 | Lair:1   | Noticed lake5's ghost (novice GrEE)
  7105 | Lair:1   | Killed lake5's ghost
  7105 | Lair:1   | Received a gift from Trog
  7681 | Lair:2   | Found a hole to the Spider Nest.
  7874 | Lair:2   | Reached skill level 16 in Axes
  7931 | Lair:2   | Noticed Fannar
  7942 | Lair:2   | Killed Fannar
  8682 | Lair:3   | Noticed a six-headed hydra
  8716 | Lair:3   | Killed a 12-headed hydra
  8716 | Lair:3   | Reached XP level 12. HP: 76/110 MP: 11/11
  9329 | Lair:4   | Reached skill level 17 in Axes
  9708 | Lair:4   | Found a staircase to the Shoals.
 10144 | Shoals:1 | Entered Level 1 of the Shoals
 10355 | Shoals:1 | Noticed a merfolk avatar
 10377 | Shoals:1 | Killed a merfolk avatar
 10379 | Shoals:1 | Mangled by a water elemental

Levels and vault maps discovered:
D:1:      kennysheep_arrival_forest, layout_basic
D:2:      layout_basic, minmay_hexomino_p4, uniq_crazy_yiuf_cottage
D:3:      layout_rooms, chequers_ecumenical_altar_twisty, serial_park_tiny_pond,
          chequers_serial_rivers_micro_d
D:4:      layout_loops_ring, first_ration
D:5:      layout_basic
D:6:      layout_cave_pools, lemuel_coloured_pillars_altar,
          minmay_temple_entry_glassed_door, hellmonk_ghost_happy_afterlife
D:7:      layout_loops_ring, ebering_ghost_disaster_area
D:8:      layout_basic, erik_lair_island, grunt_livestock, columned_hall_lemuel,
          chequers_serial_rivers_micro_d, lemuel_hellish_altar
Lair:1:   layout_big_grid, ebering_ghost_reflecting_pool,
          nicolae_lair_grove_arrangements, chequers_serial_rivers_small_3,
          infiniplex_staircase_pool
Lair:2:   layout_regular_city, spider_nest_entry_web_field, uniq_fannar
Lair:3:   layout_regular_city
Lair:4:   layout_regular_city, minmay_shoals_entry_lonely_mermaid
Shoals:1: layout_shoals

Skill      XL: |  1  2  3  4  5  6  7  8  9 10 11 12 |
---------------+-------------------------------------+-----
Fighting       | 4 5 6 7 8 9 11 12 | 12.1
Axes           | 4 5 6 7 8 10 12 14 16 17 | 17.9
Armour         | 3 4 5 6 9 11 12 | 12.4
Dodging        | 3 |  3.3
Stealth        | 1 |  1.6
Evocations     | |  0.2

Action                   |  1- 3 |  4- 6 |  7- 9 | 10-12 || total
-------------------------+-------+-------+-------+-------++-------
Melee: Hand axe          |    95 |   104 |   111 |       ||   310
       Headbutt          |     9 |    16 |    45 |    55 ||   125
       Battleaxe         |       |       |   137 |   303 ||   440
Invok: Berserk           |     1 |     4 |     5 |     8 ||    18
       Trog's Hand       |       |     2 |     5 |    19 ||    26
Evoke: Wand              |       |       |       |     2 ||     2
  Use: Scroll            |       |       |       |     9 ||     9
       Potion            |       |       |       |     4 ||     4
  Eat: Chunk             |     3 |     8 |    18 |    28 ||    57
Armor: Animal skin       |    12 |       |       |       ||    12
       Plate armour      |     7 |    78 |   143 |   196 ||   424
Dodge: Dodged            |    52 |    49 |    92 |   144 ||   337
